 Dungeon Crawl Stone Soup version 0.31.0-4-g52a2dc7128 (console) character file.

Game seed: 13188843981750221989

112 AlterAsc the Changeling (level 4, -1/39 HPs)
             Began as a Spriggan Shapeshifter on Jan 21, 2024.
             Succumbed to a kobold brigand's poison
             ... in a sewer.
             The game lasted 00:06:37 (1713 turns).

AlterAsc the Changeling (Spriggan Shapeshifter)     Turns: 1713, Time: 00:06:38

Health: -1/39      AC:  2    Str: 10    XL:     4   Next: 63%
Magic:  5/5        EV: 21    Int: 17    God:
Gold:   83         SH:  0    Dex: 16    Spells: 3/3 levels left

rFire   + .          .
                       - Unarmed
rCold   + . .        (no shield)
rNeg    . . .        a - +0 animal skin
rPois   +            (helmet currently unavailable)
rElec   +            (cloak currently unavailable)
rCorr   +            (gloves unavailable)
SInv    +            (boots unavailable)
Will    .....        (no amulet) Stlth
                     k - +6 ring of intelligence
HPRegen 0.26/turn    (no ring)
MPRegen 0.09/turn

%: no passive effects
@: berserking, lethally poisoned (-1 -> -8), beast-form, resistant, quick
A: beast (slay +4), very small, no large weapons, unfitting armour, see
invisible, speed 3
a: Begin Untransformation


You were in a sewer.
You were a hulking beast.
You visited 1 branch of the dungeon, and saw 3 of its levels.
You also visited: Sewer.

You collected 83 gold pieces.

Inventory:

Armour
 a - a +0 animal skin (worn)
Jewellery
 f - an amulet of the acrobat
 k - a +6 ring of intelligence (left hand)
Talismans
 c - a beast talisman
 d - a flux talisman
Wands
 p - a wand of quicksilver (5)
Scrolls
 e - a scroll of teleportation
 g - a scroll of identify
 i - a scroll of noise {unknown}
 l - a scroll of blinking {unknown}
 n - a scroll of amnesia {unknown}
 q - a scroll of torment {unknown}
Potions
 b - 2 potions of lignification
 h - a potion of haste
 j - a potion of curing {unknown}
 o - 2 potions of resistance


   Skills:
 + Level 4.5 Fighting
 + Level 7.6 Dodging
 + Level 5.1 Unarmed Combat
 + Level 7.7 Shapeshifting


You had 3 spell levels left.
You didn't know any spells.
Your spell library contained the following spells:

 Spells                   Type           Power      Damage    Failure   Level
 Malign Gateway           Summ/Tloc      0%         N/A       100%        7
 Summon Horrible Things   Summ           0%         N/A       100%        8


Dungeon Overview and Level Annotations

Branches:
Dungeon (3/15)              Sewer (1/1)

Altars:


Innate Abilities, Weirdness & Mutations

You are a hulking beast.
Your limbs bulge with bestial killing power. (Slay +4)
You are very small and have problems with some larger weapons.
You are too small for most types of armour.
You have supernaturally acute eyesight. (SInv)
You cover ground extremely quickly. (Speed+++)


Message History

You closely miss the kobold brigand.
You feel sick.
The kobold brigand hits you with a +1 dagger of venom.
You hit the kobold brigand. You punch the kobold brigand.
The kobold brigand is moderately wounded.
You feel sick.
The kobold brigand hits you with a +1 dagger of venom.
You are more poisoned.
You feel sick.
You feel sick.
Okay, then.
You feel protected.
You feel sick.
A red film seems to cover your vision as you go berserk!
You feel yourself moving faster!
You feel mighty!
You feel sick. The kobold brigand barely misses you.
Your unstable footing causes you to fumble your attack.
The kobold brigand splashes around in the water.
Your unstable footing causes you to fumble your attack.
You feel sick.
You barely miss the kobold brigand.
The kobold brigand is moderately wounded.
You feel sick.
The kobold brigand hits you with a +1 dagger of venom.
* * * LOW HITPOINT WARNING * * *
Press: ? - help, v - describe, . - travel
Here: a kobold brigand, wielding a +1 dagger of venom and quivering poisoned darts (moderately wounded) Some shallow water.
Unknown command.
You are too berserk!
You punch the kobold brigand!
The kobold brigand is severely wounded.
The kobold brigand hits you with a +1 dagger of venom.
* * * LOW HITPOINT WARNING * * *
You are lethally poisoned!
Your unstable footing causes you to fumble your attack.
* * * LOW HITPOINT WARNING * * *
You feel sick.
You are too berserk!
You closely miss the kobold brigand.
The kobold brigand is severely wounded.
You die...

#~...~.~ #~~.~~.~
#~~~~.~. #.~..~~.
####### ##~~.~..~
#.~)~~##### ##.~....~.
#####)~~.~####~.~~##~..
#.~~~~###~~~~....####.~
####### #.~~~~.~.# #~~
#?~~~~###~~.~...## .~~
#####Kh~~~####### ~..~
#.~~~~##### ~.# #######
##


You could see a kobold brigand.

Vanquished Creatures
  7 bats
  6 endoplasms
  2 giant cockroaches
  4 goblins
  8 hobgoblins
  A quokka (D:2)
  12 ball pythons
  2 frilled lizards
  6 kobolds
  3 rats
51 creatures vanquished.

Notes
Turn   | Place    | Note
-------+----------+-------------------------------------------
     0 | D:1      | AlterAsc the Spriggan Shapeshifter began the quest for the
                  | Orb.
     0 | D:1      | Reached XP level 1. HP: 9/9 MP: 2/2
    93 | D:1      | Reached skill level 1 in Fighting
   123 | D:1      | Reached XP level 2. HP: 14/14 MP: 3/3
   574 | D:1      | Reached XP level 3. HP: 12/18 MP: 4/4
  1491 | D:3      | Found a glowing drain.
  1528 | D:3      | Reached skill level 5 in Unarmed Combat
  1528 | D:3      | Reached XP level 4. HP: 26/26 MP: 5/5
  1645 | Sewer    | Entered a sewer
  1693 | Sewer    | Noticed a kobold brigand
  1712 | Sewer    | HP: 1/39 [poisoned by a kobold brigand]
  1713 | Sewer    | Succumbed to a kobold brigand's poison

Illustrated notes

Levels and vault maps discovered:
D:1:      minmay_arrival_radiant_lines, layout_rooms, serial_bayou_lagoon_a,
          serial_bayou_lake_a
D:2:      layout_basic, minmay_pentomino_t2
D:3:      layout_basic, ashenzari_altar_1, portal_sewer_entry_b,
          bh_walls_and_bars, uniq_natasha
Sewer:    sewer_co_tree

Skill      XL: |  1  2  3 |
---------------+----------+-----
Fighting       | 1 4 |  4.5
Dodging        | 3 7 |  7.6
Unarmed Combat | 5 |  5.1
Shapeshifting  | 7 |  7.7

Action                     |  1- 3 |  4- 6 || total
---------------------------+-------+-------++-------
  Melee: Unarmed           |   117 |    20 ||   137
         Punch             |     2 |     1 ||     3
    Use: Scroll            |     4 |     1 ||     5
         Potion            |     1 |     2 ||     3
   Stab: Sleeping          |     4 |       ||     4
 Armour: Animal skin       |    33 |     7 ||    40
  Dodge: Dodged            |    80 |    14 ||    94
